 Dungeon Crawl Stone Soup version 0.25.0-46-gbd7b0854d2 (webtiles) character file.

Game seed: 14527034532886572903

287 Ethylacetat the Gusty (level 6, -3/36 HPs)
             Began as an Octopode Air Elementalist on July 15, 2020.
             Slain by an iguana (10 damage)
             ... on level 4 of the Dungeon.
             The game lasted 00:10:43 (3908 turns).

Ethylacetat the Gusty (Octopode Air Elementalist)   Turns: 3908, Time: 00:10:44

Health: -3/36      AC:  1    Str:  7    XL:     6   Next: 30%
Magic:  0/10       EV: 13    Int: 19    God:
Gold:   180        SH:  0    Dex:  9    Spells: 4/11 levels left

rFire    . . .     SeeInvis .   d - +0 dagger
rCold    . . .     Gourm    .   (no shield)
rNeg     . . .     Faith    .   (helmet restricted)
rPois    .         Spirit   .   (no amulet)
rElec    .         Reflect  .   i - ring of stealth
rCorr    .         Harm     .   j - -4 ring of dexterity (curse)
MR       .....                  p - ring of attention (curse)
Stlth    +++.......             (no ring)
HPRegen  0.12/turn              (no ring)
MPRegen  0.12/turn              (no ring)
                                (no ring)
                                (no ring)

@: no status effects
A: almost no armour, stealthy swim, amphibious, 8 rings, constrict 8, camouflage
1, gelatinous body 1
a: no special abilities


You were on level 4 of the Dungeon.
You were hungry.

You visited 1 branch of the dungeon, and saw 4 of its levels.

You collected 180 gold pieces.

Inventory:

Hand Weapons
 d - a +0 dagger (weapon)
Jewellery
 i - a ring of stealth (left tentacle)
 j - a cursed -4 ring of dexterity (right tentacle)
 p - a cursed ring of attention (on tentacle)
Wands
 o - a wand of polymorph (11)
Scrolls
 a - a scroll of blinking {unknown}
 f - a scroll of remove curse {unknown}
 l - a scroll of fog {unknown}
 m - a scroll of teleportation {unknown}
 n - 2 scrolls of identify {unknown}
Potions
 c - a potion of lignification {unknown}
 e - 2 potions of curing {unknown}
 g - a potion of stabbing {unknown}
 h - 2 potions of mutation {unknown}
 q - a potion of invisibility {unknown}
Comestibles
 b - 6 rations
 k - 6 chunks of flesh


   Skills:
 - Level 2.0 Dodging
 - Level 2.6 Stealth
 + Level 3.1 Spellcasting
 * Level 3.9 Conjurations
 * Level 4.9 Air Magic


You had 4 spell levels left.
You knew the following spells:

 Your Spells              Type           Power        Failure   Level  Hunger
a - Shock                 Conj/Air       ###.         2%          1    None
b - Airstrike             Air            ###.......   21%         4    ####...
c - Swiftness             Chrm/Air       ##......     9%          2    ##.....

Your spell library contained the following spells:

 Spells                   Type           Power        Failure   Level  Hunger
 Static Discharge         Conj/Air       ###.....     8%          3    ###....
 Animate Skeleton         Necr           N/A          16%         1    None
 Apportation              Tloc           #.....       16%         1    None
 Corona                   Hex            #......      16%         1    None
 Summon Small Mammal      Summ           #...         16%         1    None
 Lightning Bolt           Conj/Air       ###.......   56%         5    ######.


Dungeon Overview and Level Annotations

Branches:
Dungeon (4/15)
 Temple: D:4-7

Altars:
Elyvilon

Annotations:
D:4 Sigmund


Innate Abilities, Weirdness & Mutations

You cannot wear most types of armour.
You are very stealthy in the water. (Stealth+)
You are amphibious.
You can wear up to eight rings at the same time.
You can use your tentacles to constrict eight enemies at once.
Your skin changes colour to match your surroundings (Stealth+).
Your rubbery body absorbs attacks. (AC +1, EV +1)


Message History

The iguana is heavily wounded.
Casting: Shock (safe; 2% risk of failure)
Confirm with . or Enter, or press ? or * to list all spells.
Aiming: Shock (safe; 2% risk of failure)
Press: ? - help, Shift-Dir - straight line The zap hits the iguana.
The iguana is severely wounded.
The zap hits the iguana.
The iguana is severely wounded.
The iguana bites you!
* * * LOW HITPOINT WARNING * * *
Casting: Shock (safe; 2% risk of failure)
Confirm with . or Enter, or press ? or * to list all spells.
Aiming: Shock (safe; 2% risk of failure)
Press: ? - help, Shift-Dir - straight line The zap misses the iguana.
The zap hits the iguana but does no damage.
The iguana is severely wounded.
The iguana bites you!
You die...

###.####.###.
####.........# .
######......#####..##
#..........## #.#
#..........# ##
#..........#
#..?.......#
#........^.#
#..l@...(..#
#..........#
############


You could see an iguana.

Vanquished Creatures
  Jessica (D:2)
  2 orc wizards
  Robin (D:2)
  A gnoll (D:1)
  7 adders
  An ooze (D:3)
  2 worms
  A dart slug (D:1)
  5 leopard geckos
  10 orcs
  4 bats
  5 giant cockroaches (D:2)
  15 goblins
  11 hobgoblins
  3 jackals
  4 quokkas
  2 frilled lizards
  9 kobolds
  11 rats
95 creatures vanquished.

Notes
Turn   | Place    | Note
-------+----------+-------------------------------------------
     0 | D:1      | Ethylacetat the Octopode Air Elementalist began the quest
                  | for the Orb.
     0 | D:1      | Reached XP level 1. HP: 11/11 MP: 3/3
   340 | D:1      | Reached XP level 2. HP: 15/17 MP: 0/5
   788 | D:1      | Reached XP level 3. HP: 18/21 MP: 0/6
  1471 | D:2      | Reached XP level 4. HP: 16/27 MP: 2/7
  1795 | D:2      | Noticed Robin
  1820 | D:2      | Killed Robin
  1820 | D:2      | Reached skill level 4 in Air Magic
  2260 | D:2      | Reached XP level 5. HP: 31/31 MP: 3/9
  2317 | D:2      | Noticed Jessica
  2332 | D:2      | Killed Jessica
  3582 | D:3      | Found a white marble altar of Elyvilon.
  3588 | D:3      | Reached XP level 6. HP: 25/36 MP: 1/10
  3783 | D:3      | Learned a level 4 spell: Airstrike
  3786 | D:3      | Learned a level 2 spell: Swiftness
  3819 | D:4      | Noticed Sigmund
  3908 | D:4      | Slain by an iguana

Illustrated notes

Levels and vault maps discovered:
D:1:      co_arrival_random_square_maze, layout_loops_corners
D:2:      layout_basic, minmay_vboxes, uniq_jessica, uniq_robin
D:3:      wander_river, layout_basic, old_standard_altar, st_stairs_10,
          minmay_misc_feat_rugged, serial_bayou_pond_e,
          chequers_serial_rivers_small_a
D:4:      layout_rooms, first_ration, enter_ossuary_3,
          kennysheep_generic_room_10, uniq_sigmund

Skill      XL: |  1  2  3  4  5 |
---------------+----------------+-----
Conjurations   | 2 3 |  3.9
Air Magic      | 4 |  4.9
Spellcasting   | 3 |  3.1
Dodging        | |  2.0
Stealth        | |  2.6

Action                   |  1- 3 |  4- 6 || total
-------------------------+-------+-------++-------
Melee: Unarmed           |    23 |       ||    23
       Tentacles         |     4 |     2 ||     6
       Constrict         |     9 |     3 ||    12
       Dagger            |     5 |    12 ||    17
 Cast: Shock             |    42 |   118 ||   160
       Swiftness         |       |     1 ||     1
 Stab: Sleeping          |       |     2 ||     2
  Eat: Chunk             |     1 |     8 ||     9
Armor: Skin              |     6 |     3 ||     9
Dodge: Dodged            |    22 |    25 ||    47
